 Dungeon Sprint DCSS version 0.21-a0-405-gf2af9a1 (webtiles) character file.

39 Kidiri the Ducker (level 3, -6/19 HPs)
             Began as a Spriggan Warper on Nov 1, 2017.
             Was a Follower of Sif Muna.
             Mangled by a wolf (9 damage)
             ... in the Dungeon (Sprint VII: "The Pits").
             The game lasted 00:07:06 (692 turns).

Kidiri the Ducker (Spriggan Warper)                  Turns: 692, Time: 00:07:07

Health: -6/19      AC:  2    Str:  7    XL:     3   Next: 28%
Magic:  3/9        EV: 20    Int: 15    God:    Sif Muna [*.....]
Gold:   0          SH:  0    Dex: 15    Spells: 0/10 levels left

rFire    . . .     SeeInvis +   a - +0 dagger (elec)
rCold    . . .     Gourm    .   (shield restricted)
rNeg     . . .     Faith    .   b - +0 robe
rPois    .         Spirit   .   (helmet restricted)
rElec    .         Reflect  .   (no cloak)
rCorr    .         Harm     .   (gloves unavailable)
MR       .....     NoTele   +   (boots unavailable)
Stlth    +.........             (no amulet)
HPRegen  0.06/turn              (no ring)
MPRegen  0.11/turn              (no ring)

@: very slightly contaminated, very quick
A: unfitting armour, see invisible, herbivore 3, speed 3, slow metabolism 2
a: Divine Energy, Renounce Religion


You were in the Dungeon.
You worshipped Sif Muna.
Sif Muna was aware of your devotion.
You were not hungry.

You visited 1 branch

Inventory:

Hand Weapons
 a - a +0 dagger of electrocution (weapon)
Missiles
 e - 5 tomahawks of dispersal (quivered)
Armour
 b - a +0 robe (worn)
Scrolls
 d - 2 scrolls of blinking
 m - 3 scrolls of remove curse
 n - 5 scrolls of amnesia
 o - a scroll of summoning
Potions
 g - 5 potions of curing
 h - 6 potions of heal wounds
 i - a potion of haste
 j - 3 potions of magic
 k - 3 potions of berserk rage
 l - 2 potions of invisibility
Books
 c - a book of Spatial Translocations

   Spells                             Type                      Level
   a - Blink                          Translocation                2
   b - Shroud of Golubria             Charms/Translocation         2
   c - Lesser Beckoning               Translocation                3
   d - Gell's Gravitas                Translocation                3
   e - Teleport Other                 Translocation                3
   f - Passage of Golubria            Translocation                4
Comestibles
 f - 8 bread rations
 p - 40 fruits


   Skills:
 * Level 2.8 Fighting
 + Level 3.1 Short Blades
 + Level 2.1 Throwing
 + Level 1.2 Armour
 * Level 5.4 Dodging
 * Level 4.3 Spellcasting
 + Level 0.1 Charms
 + Level 4.6 Translocations
 + Level 1.4 Invocations


You couldn't memorise any spells.
You knew the following spells:

 Your Spells              Type           Power        Failure   Level  Hunger
a - Blink                 Tloc           N/A          3%          2    ##.....
b - Shroud of Golubria    Chrm/Tloc      ##........   10%         2    ##.....
c - Gell's Gravitas       Tloc           ###.......   8%          3    ###....
d - Lesser Beckoning      Tloc           ###.......   8%          3    ###....


Dungeon Overview and Level Annotations

Branches:
Dungeon (1/1)

Altars:
Ashenzari
Cheibriados
Dithmenos
Elyvilon
Fedhas
Gozag
Hepliaklqana
Kikubaaqudgha
Makhleb
Nemelex Xobeh
Okawaru
Qazlal
Ru
Sif Muna
Trog
Uskayaw
Vehumet
Wu Jian
Xom
Yredelemnul
Zin
The Shining One
Beogh
Jiyva
Lugonu

Annotations:
D exclusions: 6 doors and 6 more exclusions


Innate Abilities, Weirdness & Mutations

You are very small and have problems with some larger weapons.
You are too small for most types of armour.
You have supernaturally acute eyesight. (SInv)
You are a herbivore.
You cover ground extremely quickly.
You need consume almost no food.


Message History

You hit the wolf.
The wolf is lightly wounded.
Your shroud bends the wolf's attack away.
Unknown command.
You hit the wolf but do no damage.
The wolf is lightly wounded.
The wolf misses you. The wolf completely misses you.
You closely miss the wolf.
The wolf is lightly wounded.
The wolf bites you!
Ouch! That really hurt!
* * * LOW HITPOINT WARNING * * *
Your shroud falls apart!
Unknown command.
Casting: Shroud of Golubria
Confirm with . or Enter, or press ? or * to list all spells.
Okay, then.
Unknown command.
The wolf bites you!
You die...

#.#.)#..#..##.....
#.#..+..#))#####+#
#.#..####))##.....
#.#..#..#))##.....
#.#..#..#[[##.....
#.##+#..#+###...<.
#.#.%......##.....
#†#........##.....
#@###########.....
#.hr.Z..# ######
#.###Y..# #.#
....# #.#...#.#
#.....#.#
#...###.# #... +
####


You could see an ice beast, a wolf, a porcupine and an adder skeleton.

Vanquished Creatures
  A gnoll (D)
  An adder (D)
  An ooze (D)
  A leopard gecko (D)
  An orc (D)
  2 bats (D)
  A goblin (D)
  4 jackals (D)
  A giant cockroach zombie (D)
  A kobold (D)
14 creatures vanquished.

Notes
Turn   | Place    | Note
-------+----------+-------------------------------------------
     0 | D        | Kidiri the Spriggan Warper began the quest for the Orb.
     0 | D        | Reached XP level 1. HP: 10/10 MP: 5/5
   336 | D        | Found a bloodstained altar of Trog.
   336 | D        | Found a deep blue altar of Sif Muna.
   336 | D        | Found a viscous altar of Jiyva.
   336 | D        | Found a hazy altar of Hepliaklqana.
   336 | D        | Found an opulent altar of Gozag.
   337 | D        | Found a glowing golden altar of the Shining One.
   337 | D        | Found a glowing silver altar of Zin.
   337 | D        | Found a basalt altar of Yredelemnul.
   337 | D        | Found a shimmering altar of Xom.
   337 | D        | Found an ornate altar of the Wu Jian Council.
   337 | D        | Found a sacrificial altar of Ru.
   337 | D        | Found a stormy altar of Qazlal.
   337 | D        | Found an iron altar of Okawaru.
   337 | D        | Found a sparkling altar of Nemelex Xobeh.
   337 | D        | Found a burning altar of Makhleb.
   337 | D        | Found a blossoming altar of Fedhas.
   337 | D        | Found a white marble altar of Elyvilon.
   337 | D        | Found a shadowy altar of Dithmenos.
   337 | D        | Found a snail-covered altar of Cheibriados.
   339 | D        | Found a radiant altar of Vehumet.
   339 | D        | Found a corrupted altar of Lugonu.
   339 | D        | Found a roughly hewn altar of Beogh.
   340 | D        | Found a hide-covered altar of Uskayaw.
   340 | D        | Found an ancient bone altar of Kikubaaqudgha.
   340 | D        | Found a shattered altar of Ashenzari.
   368 | D        | Became a worshipper of Sif Muna the Loreminder
   385 | D        | Reached skill level 4 in Dodging
   406 | D        | Reached XP level 2. HP: 12/16 MP: 5/7
   414 | D        | Reached skill level 1 in Armour
   414 | D        | Reached skill level 1 in Invocations
   493 | D        | Learned a level 2 spell: Blink
   496 | D        | Learned a level 2 spell: Shroud of Golubria
   515 | D        | Reached * piety under Sif Muna
   515 | D        | Reached skill level 5 in Dodging
   531 | D        | Reached XP level 3. HP: 8/19 MP: 7/9
   557 | D        | Learned a level 3 spell: Gell's Gravitas
   561 | D        | Learned a level 3 spell: Lesser Beckoning
   656 | D        | Noticed a wolf
   670 | D        | Noticed an ice beast
   672 | D        | Noticed a porcupine
   692 | D        | Mangled by a wolf

Vault maps used:
D:        pitsprint

Skill      XL: |  1  2 |
---------------+-------+-----
Spellcasting   | 3 4 |  4.3
Dodging        | 4 5 |  5.4
Fighting       | 2 |  2.8
Armour         | 1 |  1.2
Invocations    | 1 |  1.4
Short Blades   | 3 |  3.1
Throwing       | 2 |  2.1
Charms         | |  0.1
Translocations | |  4.6

Action                   || total
-------------------------++-------
Melee: Dagger            ||    82
       Short sword       ||     3
 Cast: Shroud of Golubri ||     4
       Blink             ||     2
       Gell's Gravitas   ||     2
  Use: Potion            ||     2
 Stab: Sleeping          ||     1
Armor: Robe              ||    14
Dodge: Dodged            ||   149

Table legend:
 A = Spawn XP
 B = Non-spawn XP
 C = Spawn XP percentage of total XP
 D = Spawn monster count
 E = Non-spawn monster count
 F = Spawn count percentage of total count
 G = Total turns spent on level
                    A         B        C        D         E        F      G
               +---------+---------+-------+---------+---------+-------+---------
         Total |       0 |      57 |   0.0 |       0 |      14 |   0.0 |   692
               +---------+---------+-------+---------+---------+-------+---------
             D |       0 |      57 |   0.0 |       0 |      14 |   0.0 |   692
               +---------+---------+-------+---------+---------+-------+---------
